 Dungeon Crawl Stone Soup version 0.21.1-1-g345015f (webtiles) character file.

586 Mirai the Thaumaturge (level 7, -3/36 HPs)
             Began as a Deep Elf Conjurer on Mar 26, 2018.
             Slain by a bullfrog skeleton (6 damage)
             ... on level 5 of the Dungeon.
             The game lasted 00:08:14 (4036 turns).

Mirai the Thaumaturge (Deep Elf Conjurer)           Turns: 4036, Time: 00:08:14

Health: -3/36      AC:  3    Str:  5    XL:     7   Next: 15%
Magic:  15/22      EV: 13    Int: 22    God:
Gold:   258        SH:  0    Dex: 15    Spells: 15/26 levels left

rFire    . . .     SeeInvis .   A - +2 morningstar (protect)
rCold    . . .     Gourm    .   (no shield)
rNeg     . . .     Faith    .   s - +0 robe
rPois    .         Spirit   .   y - +0 helmet
rElec    .         Reflect  .   (no cloak)
rCorr    .         Harm     .   (no gloves)
MR       .....                  (no boots)
Stlth    ++........             (no amulet)
HPRegen  0.12/turn              (no ring)
MPRegen  0.18/turn              (no ring)

@: no status effects
A: no striking features
a: no special abilities


You were on level 5 of the Dungeon.
You were not hungry.

You visited 2 branches of the dungeon, and saw 6 of its levels.

You collected 258 gold pieces.

Inventory:

Hand Weapons
 A - a +2 morningstar of protection (weapon)
Armour
 s - a +0 robe (worn)
 y - a +0 helmet (worn)
Jewellery
 q - an uncursed ring of fire
Wands
 f - a wand of flame (7)
 u - a wand of acid (9)
Scrolls
 a - 2 scrolls of immolation {unknown}
 i - a scroll of fear {unknown}
 k - 3 scrolls of remove curse {unknown}
 l - 3 scrolls of identify {unknown}
 r - 2 scrolls of magic mapping {unknown}
 t - a scroll of fog {unknown}
 v - a scroll of teleportation {unknown}
Potions
 d - 2 potions of mutation {unknown}
 g - a potion of resistance {unknown}
 h - a potion of lignification {unknown}
 j - a potion of magic {unknown}
 m - 3 potions of brilliance {unknown}
 n - a potion of heal wounds {unknown}
 o - a potion of agility
 p - a potion of curing {unknown}
 z - a potion of degeneration {unknown}
Books
 b - a book of Conjurations

   Spells                             Type                      Level
   a - Magic Dart                     Conjuration                  1
   b - Searing Ray                    Conjuration                  2
   c - Dazzling Spray                 Conjuration/Hexes            3
   d - Fulminant Prism                Conjuration/Hexes            4
   e - Force Lance                    Conjuration/Translocation    4
   f - Iskenderun's Mystic Blast      Conjuration                  4
 x - a book of Necromancy

   Spells                             Type                      Level
   a - Pain                           Necromancy                   1
   b - Animate Skeleton               Necromancy                   1
   c - Vampiric Draining              Necromancy                   3
   d - Regeneration                   Charms/Necromancy            3
   e - Animate Dead                   Necromancy                   4
   f - Borgnjor's Vile Clutch         Necromancy/Earth             5
Comestibles
 c - 8 rations
 w - 2 chunks of flesh


   Skills:
 - Level 2.4 Dodging
 - Level 2.4 Stealth
 + Level 10.4 Spellcasting
 - Level 4.3 Conjurations


You had 15 spell levels left.
You knew the following spells:

 Your Spells              Type           Power        Failure   Level  Hunger
a - Magic Dart            Conj           ####         1%          1    None
b - Searing Ray           Conj           ####..       1%          2    None
c - Iskenderun's Mystic   Conj           ####....     10%         4    ##.....
d - Fulminant Prism       Conj/Hex       ###.......   24%         4    ##.....


Dungeon Overview and Level Annotations

Branches:
Dungeon (5/15)             Temple (1/1) D:4

Altars:
Ashenzari
Dithmenos
Elyvilon
Fedhas
Gozag
Kikubaaqudgha
Nemelex Xobeh
Okawaru
Qazlal
Ru
Sif Muna
Trog
Xom
Zin
The Shining One


Message History

* * * LOW HITPOINT WARNING * * *
Casting: Magic Dart
Confirm with . or Enter, or press ? or * to list all spells.
Aiming: Searing Ray
Press: ? - help, Shift-Dir - straight line, f/p - bullfrog skeleton
Aim: a bullfrog skeleton (heavily damaged)
The searing ray hits the bullfrog skeleton.
The bullfrog skeleton is severely damaged. (Press . to maintain the ray.)
The bullfrog skeleton closely misses you.
The searing ray hits the bullfrog skeleton.
The bullfrog skeleton is almost destroyed.
The bullfrog skeleton hits you.
* * * LOW HITPOINT WARNING * * *
The searing ray hits the bullfrog skeleton.
The bullfrog skeleton is almost destroyed.
The bullfrog skeleton hits you.
* * * LOW HITPOINT WARNING * * *
The bullfrog skeleton hits you.
You die...

##.........
..........
..........
###.)....... .
####...........
..##...>..........
..................
..##.....Z%.......
.......).@).###...
..##........#
#........#
###..?..## #######


You could see a bullfrog skeleton.

Vanquished Creatures
  A sky beast (D:5)
  A howler monkey (D:4)
  3 hounds
  An orc priest (D:4)
  2 orc wizards (D:4)
  A bullfrog skeleton (D:5)
  Jessica (D:2)
  An iguana (D:4)
  A worker ant (D:4)
  5 gnolls (D:3)
  2 adders
  An adder skeleton (D:4)
  3 worms
  A dart slug (D:1)
  11 leopard geckos
  12 orcs
  2 ball pythons
  7 goblins
  A hobgoblin (D:1)
  9 jackals
  2 quokkas
  4 bats
  2 frilled lizards
  2 kobolds
  5 rats
81 creatures vanquished.

Notes
Turn   | Place    | Note
-------+----------+-------------------------------------------
     0 | D:1      | Mirai the Deep Elf Conjurer began the quest for the Orb.
     0 | D:1      | Reached XP level 1. HP: 10/10 MP: 6/6
   146 | D:1      | Reached skill level 4 in Spellcasting
   146 | D:1      | Reached XP level 2. HP: 15/15 MP: 3/9
  1001 | D:2      | Reached XP level 3. HP: 19/19 MP: 7/11
  1014 | D:2      | Reached skill level 5 in Spellcasting
  1085 | D:2      | Noticed Jessica
  1089 | D:2      | Killed Jessica
  1472 | D:3      | Learned a level 2 spell: Searing Ray
  1626 | D:3      | Found a shattered altar of Ashenzari.
  1736 | D:3      | Reached XP level 4. HP: 24/24 MP: 10/13
  1754 | D:3      | Reached skill level 6 in Spellcasting
  2096 | D:3      | Reached skill level 7 in Spellcasting
  2354 | D:3      | Reached XP level 5. HP: 28/28 MP: 9/16
  2693 | D:4      | Reached skill level 8 in Spellcasting
  2700 | D:4      | Learned a level 4 spell: Iskenderun's Mystic Blast
  2705 | D:4      | Learned a level 4 spell: Fulminant Prism
  2779 | D:4      | Reached XP level 6. HP: 32/32 MP: 8/19
  2814 | D:4      | Found an opulent altar of Gozag.
  3022 | D:4      | Reached skill level 9 in Spellcasting
  3498 | D:4      | Found a staircase to the Ecumenical Temple.
  3508 | Temple   | Entered the Ecumenical Temple
  3716 | D:5      | Entered Level 5 of the Dungeon
  3926 | D:5      | Noticed a sky beast
  3928 | D:5      | Reached skill level 10 in Spellcasting
  3930 | D:5      | Killed a sky beast
  3930 | D:5      | Reached XP level 7. HP: 17/36 MP: 4/22
  4036 | D:5      | Slain by a bullfrog skeleton

Skill      XL: |  1  2  3  4  5  6 |
---------------+-------------------+-----
Spellcasting   | 4 5 7 8 10 | 10.4
Dodging        | |  2.4
Stealth        | |  2.4
Conjurations   | |  4.3

Action                   |  1- 3 |  4- 6 |  7- 9 || total
-------------------------+-------+-------+-------++-------
Melee: Unarmed           |     1 |       |       ||     1
       Short sword       |       |     6 |       ||     6
 Cast: Magic Dart        |    55 |    75 |     4 ||   134
       Searing Ray       |       |    14 |     1 ||    15
       Iskenderun's Myst |       |     9 |     1 ||    10
  Eat: Chunk             |     2 |     7 |     1 ||    10
Armor: Robe              |     2 |     7 |       ||     9
Dodge: Dodged            |     9 |    40 |     3 ||    52
